 Dungeon Crawl Stone Soup version 0.29-a0-1065-g47a6bb87d6 (webtiles) character file.

Game seed: 18428445654150320006

1635 Zeldest the Grappler (level 8, -1/80 HPs)
             Began as a Troll Monk on Aug 18, 2022.
             Slain by a killer bee (3 damage)
             ... on level 8 of the Dungeon.
             The game lasted 00:07:36 (1218 turns).

Zeldest the Grappler (Troll Monk)                   Turns: 1218, Time: 00:07:36

Health: -1/80      AC:  4    Str: 22    XL:     8   Next: 66%
Magic:  7/7        EV:  7    Int:  6    God:
Gold:   166        SH: 13    Dex: 12    Spells: 7/7 levels left

rFire   . . .      SeeInvis .     - Unarmed
rCold   . . .      Faith    .   g - +0 tower shield
rNeg    . . .      Spirit   .   a - +0 robe
rPois   .          Reflect  .   (helmet restricted)
rElec   .          Harm     .   (no cloak)
rCorr   .          Rampage  .   (gloves unavailable)
Will    +....                   (boots unavailable)
Stlth   ++........              o - amulet of regeneration
HPRegen 1.83/turn               n - ring of willpower
MPRegen 0.10/turn               (no ring)

@: lethally poisoned (-1 -> -3)
A: large, unfitting armour, claws 3, regeneration 1, shaggy fur 1, tough skin 1
a: no special abilities


You were on level 8 of the Dungeon.
You visited 2 branches of the dungeon, and saw 9 of its levels.
You also visited: Sewer.

You collected 166 gold pieces.

Inventory:

Hand Weapons
 e - the +10 mace "Dragonbane" {flame, Dex+4}
   (You found it on level 2 of the Dungeon)

   It burns those it strikes, dealing additional fire damage.
   Dex:       It affects your dexterity (+4).
Armour
 a - a +0 robe (worn)
 g - a +0 tower shield (worn)
Magical Staves
 j - a staff of death
Jewellery
 n - a ring of willpower (left claw)
 o - an amulet of regeneration (around neck)
Wands
 c - a wand of roots (9)
 p - a wand of paralysis (5)
Scrolls
 d - a scroll of teleportation
 l - a scroll of summoning {unknown}
Potions
 b - a potion of ambrosia
 f - 2 potions of heal wounds
 h - a potion of attraction
 i - a potion of flight
 m - 3 potions of curing


   Skills:
 + Level 5.1 Fighting
 - Level 2.4 Dodging
 - Level 1.0 Stealth
 + Level 4.5 Shields
 * Level 8.3 Unarmed Combat
 + Level 1.3 Evocations


You had 7 spell levels left.
You didn't know any spells.
Your spell library contained the following spells:

 Spells                   Type           Power      Damage    Failure   Level
 Shock                    Conj/Air       0%         1d3       97%         1
 Swiftness                Air            0%         N/A       100%        3
 Airstrike                Air            0%         2d(0-16)  100%        4
 Animate Dead             Necr           0%         N/A       100%        4
 Haunt                    Necr/Summ      0%         N/A       100%        7
 Infestation              Necr           0%         N/A       100%        8


Dungeon Overview and Level Annotations

Branches:
Dungeon (8/15)             Temple (1/1) D:6           Sewer (visited)
   Lair: D:8-11

Altars:
Cheibriados
Hepliaklqana
Qazlal
Ru
Uskayaw
Vehumet
Wu Jian
Yredelemnul

Shops:
D:3 !

Annotations:
Temple 2 transporters


Innate Abilities, Weirdness & Mutations

You are too large for most types of armour.
You have claws for hands.
Your natural rate of healing is unusually fast.
You are covered in fur. (AC +1)
You have tough skin. (AC +1)


Message History

You block the killer bee's attack. The killer bee closely misses you.
The killer bee barely misses you. The killer bee closely misses you.
Your Fighting skill increases to level 5!
Your Unarmed Combat skill increases to level 8!
Your Evocations skill increases to level 1!
You feel much better.
You feel sick. You block the killer bee's attack.
The killer bee barely misses you. The killer bee stings you.
You are more poisoned.
The killer bee poisons you! You block the killer bee's attack.
You closely miss the killer bee.
The killer bee is severely wounded.
You feel sick. You block the killer bee's attack. The killer bee stings you.
You are more poisoned.
The killer bee poisons you! The killer bee barely misses you. x2
You closely miss the killer bee.
The killer bee is severely wounded.
You feel sick. The killer bee stings you.
You are more poisoned.
The killer bee poisons you! The killer bee stings you.
The killer bee stings you but does no damage.
The killer bee stings you.
You scratch the killer bee but do no damage.
The killer bee is severely wounded.
You feel very sick. The killer bee stings you.
* * * LOW HITPOINT WARNING * * *
You block the killer bee's attack. x2
The killer bee stings you but does no damage.
The killer bee stings you!
* * * LOW HITPOINT WARNING * * *
You are more poisoned.
The killer bee poisons you! The killer bee stings you.
* * * LOW HITPOINT WARNING * * *
You closely miss the killer bee.
The killer bee is severely wounded.
You feel very sick.
You block the killer bee's attack. x2; The killer bee stings you!
* * * LOW HITPOINT WARNING * * *
The killer bee stings you.
You die...

######## .<)....#
)))....# .......#
.......######
............#########
.........##.....@y..#
.......#.......y###.....
.......########(.# #..
.......# ##.# ########
#... #####


You could see 2 killer bees.

Vanquished Creatures
  Maggie (D:8)
  An ice beast (D:7)
  A black bear (D:6)
  2 ogres
  A centaur (D:8)
  2 bullfrogs
  5 kobold brigands
  A necrophage (D:6)
  A scorpion (D:7)
  2 killer bees (D:8)
  An orc priest (D:7)
  A jelly (D:7)
  An orc wizard (D:8)
  10 adders
  3 river rats (Sewer)
  A shadow imp (D:6)
  A worm (Sewer)
  A dart slug (D:4)
  3 orcs (D:8)
  2 endoplasms (Sewer)
  2 giant cockroaches (D:3)
  A goblin (D:3)
  A hobgoblin (D:3)
  12 kobolds
  A quokka (D:3)
  6 ball pythons
  A rat (Sewer)
65 creatures vanquished.

Notes
Turn   | Place    | Note
-------+----------+-------------------------------------------
     0 | D:1      | Zeldest the Troll Monk began the quest for the Orb.
     0 | D:1      | Reached XP level 1. HP: 22/22 MP: 0/0
    72 | D:2      | Identified the +10 mace "Dragonbane" {flame, Dex+4}
   121 | D:3      | Found Benn's Distillery.
   164 | D:3      | Reached XP level 2. HP: 29/29 MP: 1/1
   235 | D:4      | Noticed an ogre
   246 | D:4      | Killed an ogre
   247 | D:4      | Reached skill level 1 in Shields
   247 | D:4      | Reached skill level 4 in Unarmed Combat
   247 | D:4      | Reached XP level 3. HP: 37/37 MP: 2/2
   247 | D:4      | Reached XP level 4. HP: 45/45 MP: 3/3
   252 | D:4      | You fall into a shaft and drop 2 floors!
   268 | D:6      | Noticed a necrophage
   287 | D:6      | Killed a necrophage
   288 | D:6      | Reached XP level 5. HP: 41/53 MP: 4/4
   321 | D:6      | Reached skill level 5 in Unarmed Combat
   353 | D:5      | Entered Level 5 of the Dungeon
   358 | D:5      | Found a glowing drain.
   380 | D:5      | Reached XP level 6. HP: 56/61 MP: 5/5
   385 | Sewer    | Entered a sewer
   635 | Sewer    | Reached skill level 6 in Unarmed Combat
   651 | Sewer    | Reached XP level 7. HP: 55/70 MP: 6/6
   912 | D:7      | Reached skill level 7 in Unarmed Combat
  1009 | D:6      | Found a staircase to the Ecumenical Temple.
  1019 | Temple   | Entered the Ecumenical Temple
  1019 | Temple   | Found a transporter.
  1019 | Temple   | Found a transporter.
  1045 | D:7      | Reached XP level 8. HP: 71/79 MP: 7/7
  1192 | D:8      | Noticed Maggie
  1213 | D:8      | Killed Maggie
  1214 | D:8      | Reached skill level 5 in Fighting
  1214 | D:8      | Reached skill level 8 in Unarmed Combat
  1214 | D:8      | Reached skill level 1 in Evocations
  1218 | D:8      | HP: 2/80 [killer bee (8)]
  1218 | D:8      | Slain by a killer bee

Illustrated notes

Levels and vault maps discovered:
D:1:      dpeg_arrival_fog, layout_loops_ring,
          hellmonk_ecumenical_altar_defaced_shrine, serial_bayou_crossing
D:2:      layout_loops_corners, feat_on_display, uniq_robin
D:3:      layout_basic, gammafunk_temple_overflow_forgotten, serial_shops,
          nicolae_shop_trees, grunt_ministairs_10
D:4:      corexii_shack_village, layout_basic, chequers_jeans, minmay_ruptured,
          uniq_pikel, uniq_duvessa, uniq_edmund
D:5:      layout_loops_ring, gup_sewer_entry_glass, kennysheep_windowed_goal,
          uniq_menkaure
D:6:      layout_loops_ring, minmay_temple_entry_butterflies,
          minmay_misc_feat_five
D:7:      layout_basic
D:8:      layout_rooms, minmay_shop_mayhem, uniq_maggie
Temple:   hellmonk_temple_divided_pantheon

Skill      XL: |  1  2  3  4  5  6  7  8 |
---------------+-------------------------+-----
Fighting       | 3 4 5 |  5.1
Shields        | 1 2 3 4 |  4.5
Unarmed Combat | 4 5 6 7 8 |  8.3
Evocations     | 1 |  1.3
Dodging        | |  2.4
Stealth        | |  1.0

Action                   |  1- 3 |  4- 6 |  7- 9 || total
-------------------------+-------+-------+-------++-------
Melee: Unarmed           |    30 |   101 |   103 ||   234
Evoke: Wand              |       |       |     6 ||     6
  Use: Scroll            |       |       |     6 ||     6
       Potion            |       |       |     1 ||     1
 Stab: Sleeping          |     1 |     1 |     1 ||     3
       Paralysed         |       |       |     6 ||     6
Armor: Robe              |    11 |    24 |    22 ||    57
Dodge: Dodged            |    14 |    32 |    37 ||    83
Block: Tower shield      |     3 |    55 |    67 ||   125

Table legend: (Time is in decaauts)
 A = Elapsed time spent in this place.
 B = Non-inter-level travel time spent in this place.
 C = Inter-level travel time spent in this place.
 D = Time resting spent in this place.
 E = Time spent auto-exploring this place.
 F = Levels seen in this place.
 G = Mean time per level.
                   A        B        C        D        E       F      G
               +--------+--------+--------+--------+--------+-----+--------+
         Total |   1370 |   1370 |      0 |      0 |      0 |  10 |  137.0 |
       Dungeon |    850 |    850 |      0 |      0 |      0 |   8 |  106.2 |
        Temple |      1 |      1 |      0 |      0 |      0 |   1 |    1.0 |
         Sewer |    517 |    517 |      0 |      0 |      0 |   1 |  517.0 |
               +--------+--------+--------+--------+--------+-----+--------+

Top non-repeatable levels by time:
   Sewer: 517 daAuts
     D:7: 238 daAuts
     D:6: 207 daAuts
     D:3: 126 daAuts
     D:2: 92 daAuts
     D:5: 78 daAuts
     D:8: 73 daAuts
     D:4: 30 daAuts
     D:1: 2 daAuts
  Temple: 1 daAuts
